 Dungeon Crawl Stone Soup version 0.15.1-3-g1b33baa (webtiles) character file.

395339 Johnny the Frost Mage (level 21, -2/178 HPs)
             Began as a Demigod Ice Elementalist on Oct 9, 2014.
             Splashed by the royal jelly's acid (3 damage)
             ... on Level 6 of the Pits of Slime.
             The game lasted 07:04:57 (89934 turns).

Johnny the Frost Mage (Demigod Ice Elementalist)   Turns: 89934, Time: 07:04:58

HP  -2/178       AC 17     Str 12      XL: 21   Next: 24%
MP  40/40        EV 18     Int 35      God:
Gold 1574        SH  0     Dex 24      Spells: 10 memorised,  1 level left

rFire  . . .     SeeInvis .     y - +8 demon whip of the Undead {flame, +Rage MR++ Int+2}
rCold  . . .     Clarity  .     A - +2 swamp dragon armour
rNeg   . . .     rCorr    .     (no shield)
rPois  +         rRot     .     I - +2 hat {MR+}
rElec  .         Spirit   .     J - +2 cloak
SustAb .         Warding  .     g - +0 pair of gloves
rMut   +         Stasis   .     r - +2 pair of boots of the Assassin {Stlth++}
Gourm  .                        Q - amulet of resist mutation
MR     +++++                    v - +5 ring of protection
                                P - ring "Shrigose" {Wiz Dex+2 Int+4}

@: corroded equipment, almost entirely resistant to hostile enchantments, very
stealthy
A: no striking features
a: Evoke Berserk Rage
}: 2/15 runes: decaying, serpentine


You were on level 6 of the Pits of Slime.
You were full.

You visited 8 branches of the dungeon, and saw 49 of its levels.
You visited 1 bazaar.
You also visited: Labyrinth, Bailey, Ice Cave and Wizlab.

You collected 5835 gold pieces.
You spent 4261 gold pieces at shops.

Inventory:

Hand weapons
 i - a +4 falchion of protection
 y - the +8 demon whip of the Undead (weapon) {flame, +Rage MR++ Int+2}
   (You found it in a wizard's laboratory)

   It emits flame when wielded, causing extra injury to most foes and up to
   double damage against particularly susceptible opponents.
   It affects your intelligence (+2).
   It affects your resistance to hostile enchantments.
   It lets you go berserk.
Armour
 g - a +0 pair of gloves (worn)
 r - the +2 pair of boots of the Assassin (worn) {Stlth++}
   (You found it in a labyrinth)

   It makes you much more stealthy.
 A - a +2 swamp dragon armour (worn)
 I - a +2 hat of magic resistance (worn)
 J - a +2 cloak (worn)
Magical devices
 b - a wand of teleportation (6)
 o - a wand of teleportation (1)
 u - a wand of digging (11)
 w - a wand of fire (7)
 x - a wand of lightning (6)
 D - a wand of draining (4)
 F - a wand of draining (4)
 L - a wand of fire (5)
Comestibles
 a - 16 meat rations
Scrolls
 e - a scroll of holy word
 f - 2 scrolls of recharging
 h - a scroll of teleportation
 n - 8 scrolls of fog
 q - 4 scrolls of summoning
 s - 3 scrolls of silence
 B - 7 scrolls of amnesia
 M - 2 scrolls of magic mapping
 N - 14 scrolls of identify
 S - a scroll of blinking
 W - 4 scrolls of vulnerability
 Y - 19 scrolls of remove curse
Jewellery
 p - an uncursed ring of see invisible
 v - a +5 ring of protection (right hand)
 E - the amulet of the Air {Inacc +Fly rElec EV+5 RMsl}
   (You found it on level 2 of the Vaults)

   [amulet of inaccuracy]

   It reduces the accuracy of all your attacks.
   It affects your evasion (+5).
   It insulates you from electricity.
   It lets you fly.
   It protects you from missiles.
 P - the ring "Shrigose" (left hand) {Wiz Dex+2 Int+4}
   (You bought it in a shop on level 4 of the Orcish Mines)

   [ring of wizardry]

   It improves your spell success rate.
   It affects your intelligence (+4).
   It affects your dexterity (+2).
 Q - an amulet of resist mutation (around neck)
Potions
 d - a potion of resistance
 j - 4 potions of brilliance
 k - 2 potions of might
 m - 5 potions of curing
 t - 5 potions of cancellation
 z - 3 potions of cure mutation
 C - a potion of haste
 K - 2 potions of restore abilities
 O - a potion of porridge
 R - 3 potions of heal wounds
 T - a potion of invisibility
 Z - a potion of agility
Miscellaneous
 l - a stone of tremors
 G - a sack of spiders
 V - a crystal ball of energy
 X - a phial of floods


   Skills:
 * Level 13.1 Fighting
 + Level 9.5 Armour
 + Level 9.3 Dodging
 + Level 10.4 Stealth
 * Level 12.2 Spellcasting
 * Level 13.5 Conjurations
 * Level 11.0 Charms
 * Level 13.0 Summonings
 * Level 13.7 Ice Magic
 * Level 13.1 Air Magic
 + Level 9.6 Evocations


You had one spell level left.
You knew the following spells:

 Your Spells              Type           Power        Failure   Level  Hunger
a - Freeze                Ice            ####         0%          1    None
b - Summon Ice Beast      Ice/Summ       #######.     1%          4    None
c - Mephitic Cloud        Conj/Pois/Air  ######..     1%          3    None
d - Throw Icicle          Conj/Ice       #######.     1%          4    None
e - Freezing Cloud        Conj/Ice/Air   #######...   1%          6    ####...
f - Regeneration          Chrm/Necr      ######....   1%          3    None
g - Summon Forest         Summ/Tloc      ######....   1%          5    None
h - Iron Shot             Conj/Erth      ######....   10%         6    ####...
i - Monstrous Menagerie   Summ           #######...   1%          6    ####...
j - Bolt of Draining      Conj/Necr      ######....   1%          5    None


Dungeon Overview and Level Annotations

Branches:
Dungeon (14/15)            Temple (0/1) D:4             Orc (4/4) D:12
    Elf (3/3) Orc:4          Lair (8/8) D:9           Swamp (5/5) Lair:6
  Snake (5/5) Lair:4        Slime (6/6) Lair:7       Vaults (4/5) D:14
  Crypt: Vaults:2-3

Shops:
D:4 !   Orc:4 [=(   Elf:1 *   Snake:4 (   Snake:5 *   Vaults:4 (

Annotations:
Snake:2 Vashnia
Slime:6 Royal Jelly
Vaults:2 Jory


Message History

The death ooze hits you but does no damage.
There is a stone staircase leading up, spattered with blood here.
Your skin stops crawling.
The royal jelly barely misses you. The royal jelly hits you!
You are splashed with acid!
The acid burns!
The azure jelly hits you but does no damage.
The azure jelly hits you! The azure jelly freezes you!!
* * * LOW HITPOINT WARNING * * *
The azure jelly barely misses you. The azure jelly hits you.
* * * LOW HITPOINT WARNING * * *
The death ooze barely misses you. The death ooze hits you!
* * * LOW HITPOINT WARNING * * *
The royal jelly hits you!!
* * * LOW HITPOINT WARNING * * *
You are splashed with acid!
The acid burns!
* * * LOW HITPOINT WARNING * * *
The royal jelly hits you.
* * * LOW HITPOINT WARNING * * *
You are splashed with acid!
The acid corrodes your equipment!
The acid burns!
You die...

##### ####.#.#### ##.#.#...#.##
##...........## *##*
*****####...♣JJ..♣....## *..#
*,,,*≈≈.......@........###..##
**,,,.≈≈..♣...J.........#.....##
*,,,,≈≈≈....J..................#
**,,,,≈≈..........♣.............#
,,,,,,.......♣.J.................
,,,,,,,..........................
,,,,,,,........♣J................
,,,,,,,..........................
,,,,,,,,.........................


You could see the royal jelly, an azure jelly, 2 slime creatures, a death ooze
and a jelly.

Vanquished Creatures
  A golden dragon (Vaults:4)
  Nikola (Snake:4)
  A Hellbinder (WizLab)
  2 deep elf blademasters (Elf:3)
  A lich (Vaults:3)
  3 deep elf master archers (Elf:3)
  2 acid blobs
  A sphinx (Vaults:3)
  The ghost of Thrillho the Spry, a mighty MfFi of Okawaru (Snake:3)
  Rupert (Elf:2)
  5 thorn hunters
  Frances (Snake:2)
  10 greater nagas
  3 azure jellies
  A tengu reaver (Vaults:1)
  5 deep elf sorcerers (Elf:3)
  3 frost giants
  Louise (Elf:2)
  A cacodemon (WizLab)
  10 vault wardens
  17 deep elf demonologists
  5 very ugly things
  7 stone giants
  A reaper (WizLab)
  10 deep elf annihilators
  A red draconian (shapeshifter) (Vaults:4)
  10 vault guards
  Snorg (Swamp:3)
  A crystal guardian (Vaults:4)
  A death ooze (Slime:5)
  7 deep elf death magi
  A green death (WizLab)
  7 yaktaur captains
  19 ironheart preservers
  A minotaur (Lab)
  6 great orbs of eyes
  9 ogre magi
  2 deep elf high priests (Elf:3)
  11 naga warriors
  5 anacondas
  2 shambling mangroves (Swamp:5)
  4 deep troll shamans
  8 centaur warriors
  8 alligators
  8 hydras
  2 death knights (Vaults:3)
  2 tengu warriors (D:14)
  2 deep troll earth magi
  2 orc high priests (Orc:4)
  4 hell knights (Vaults:4)
  23 naga sharpshooters
  7 shock serpents
  2 sun demons (WizLab)
  3 soul eaters (WizLab)
  14 deep elf knights
  3 salamander mystics (Snake:5)
  An ice devil (WizLab)
  A fire crab (shapeshifter) (Elf:1)
  4 shadow wraiths
  2 sea snakes (Snake:3)
  26 deep trolls
  5 swamp dragons (Swamp:5)
  5 skeletal warriors
  An orb spider (shapeshifter) (Elf:3)
  5 unseen horrors
  3 spriggan druids (Swamp:5)
  A lindwurm (Lair:8)
  9 naga ritualists
  3 wizards
  16 deep elf summoners
  19 ironbrand convokers
  19 orc knights
  Pikel (D:5)
  17 deep elf conjurers
  6 hill giants
  A hellion (WizLab)
  53 ugly things
  6 mana vipers
  3 harpies (Vaults:4)
  4 giant orange brains
  5 necromancers
  A red wasp (Vaults:3)
  5 orc sorcerers
  3 wolf spiders
  A manticore (D:14)
  A shining eye (Slime:1)
  5 griffons
  7 cyclopes
  18 salamanders
  A red wasp (shapeshifter) (Vaults:4)
  A hell beast (WizLab)
  4 guardian serpents
  2 elephants (Lair:3)
  27 black mambas
  2 centaur zombies
  3 eyes of devastation
  20 vault sentinels
  27 naga magi
  5 spiny frogs
  2 kobold demonologists
  An iron devil (Elf:3)
  4 orange demons (WizLab)
  A small abomination (Elf:3)
  2 komodo dragons
  2 tengu conjurers (Vaults:1)
  A dryad (Elf:1)
  A queen bee (shapeshifter) (Elf:2)
  35 yaktaurs
  7 freezing wraiths
  A jumping spider (Elf:2)
  5 deep elf priests
  5 red devils
  A yaktaur skeleton (Vaults:4)
  10 ravens
  4 bog bodies
  A merfolk (shapeshifter) (Vaults:2)
  2 trolls
  3 giant leeches
  A baby alligator (shapeshifter) (Vaults:2)
  4 blink frogs
  An ugly thing zombie (Vaults:4)
  The ghost of CrazyArbalest the Covered, an average HaFi (D:4)
  3 basilisks
  11 two-headed ogres
  27 deep elf magi
  4 baby alligators (Swamp:4)
  A frost giant simulacrum (Vaults:4)
  3 boulder beetles
  38 slime creatures
  4 redbacks (Vaults:2)
  2 trapdoor spiders
  An ettin skeleton (Vaults:4)
  A golden eye (Slime:4)
  A spriggan (Swamp:5)
  25 yaks
  A wyvern (D:13)
  2 shadows
  2 ynoxinuls
  A hill giant skeleton (D:9)
  2 wraiths (D:14)
  A golden eye (shapeshifter) (Vaults:1)
  18 humans (D:14)
  A hippogriff (shapeshifter) (Elf:2)
  52 nagas
  2 wolves (Lair:5)
  3 hippogriffs
  A steam dragon (D:9)
  Edmund (D:4)
  34 deep elf fighters
  13 vampire mosquitoes
  4 wargs
  7 swamp worms
  13 water moccasins
  A mottled dragon (Vaults:1)
  A soldier ant (shapeshifter) (Elf:3)
  A human zombie (Vaults:1)
  10 ice beasts
  A soldier ant (D:13)
  8 porcupines
  8 swamp drakes
  2 black bears
  An ettin simulacrum (Vaults:1)
  A spider (Snake:2)
  2 phantoms
  A manticore zombie (D:14)
  A yellow wasp (Swamp:5)
  4 boggarts (Vaults:1)
  30 orc warriors
  5 sky beasts
  A lost soul (Elf:3)
  43 ogres
  A giant frog (shapeshifter) (Vaults:3)
  2 vampire mosquito zombies
  3 big kobolds
  8 crocodiles
  9 giant frogs
  A yaktaur zombie (Vaults:2)
  24 centaurs
  14 jellies
  9 insubstantial wisps
  2 scorpions
  An eye of draining (Slime:4)
  An orc simulacrum (Vaults:1)
  2 tengu zombies (Vaults:1)
  10 killer bees
  A tengu skeleton (D:14)
  2 wights (D:13)
  5 crimson imps
  A quasit (D:8)
  A yaktaur simulacrum (Vaults:1)
  An electric eel (Lair:4)
  2 kobold zombies
  7 hounds
  23 orc priests
  Natasha (thrice) (D:4)
  6 iguanas
  3 orange rats
  18 orc wizards
  11 worker ants
  3 sheep
  Ijyb (D:7)
  An ogre zombie (D:9)
  A hound zombie (D:6)
  An ogre skeleton (D:7)
  Terence (D:2)
  3 mummies
  29 green rats
  14 adders
  2 shadow imps
  4 white imps
  2 giant mites
  2 inept feature mimics
  4 worms
  An ufetubus (D:11)
  2 orc zombies
  2 oozes
  97 orcs
  A ball python (D:3)
  17 bats
  A bat zombie (D:7)
  6 giant cockroaches
  21 hobgoblins
  6 jackals
  20 kobolds
  11 quokkas
  8 giant geckos
  2 giant newts
  2 giant spores
  A gnoll skeleton (D:5)
  17 goblins
  3 hobgoblin zombies (D:6)
  A quokka zombie (D:6)
  14 rats
  6 ballistomycetes
  6 crawling corpses (Elf:3)
  A plant (Lair:8)
  2 snaplasher vines (Elf:1)
1601 creatures vanquished.

Vanquished Creatures (collateral kills)
  Saint Roka (Swamp:2)
  A lich (Vaults:1)
  6 acid blobs
  An azure jelly (Slime:6)
  Maud (Lair:5)
  Gastronok (Lair:2)
  A deep elf demonologist (WizLab)
  A vault guard (D:14)
  A fire dragon (Lair:8)
  A yaktaur captain (Vaults:3)
  2 anacondas
  13 hydras
  5 naga warriors (Snake:5)
  6 alligators
  Erica (Lair:2)
  2 orc high priests (Orc:4)
  2 shock serpents (Snake:5)
  Urug (Orc:4)
  2 spriggans
  2 naga sharpshooters (Snake:5)
  Nergalle (D:10)
  A catoblepas (Lair:8)
  A deep elf knight (Elf:1)
  A fire crab (shapeshifter) (Lair:1)
  A skeletal warrior (Vaults:1)
  An iron troll (Elf:3)
  4 sea snakes (Snake:3)
  A deep elf summoner (Elf:1)
  A spriggan druid (Swamp:5)
  3 naga ritualists (Snake:5)
  2 hill giants
  An orc knight (Orc:3)
  A lindwurm (Lair:8)
  6 swamp dragons
  A deep elf conjurer (Elf:2)
  A griffon (Lair:3)
  2 manticores
  An ugly thing zombie (Vaults:1)
  3 shining eyes
  2 mana vipers
  3 ugly things
  3 red wasps
  28 slime creatures
  The ghost of gigot the Insei, an experienced GrMo of Qazlal (D:6)
  8 salamanders
  A cyclops (Orc:4)
  A fire giant skeleton (Vaults:4)
  2 elephants (Lair:3)
  2 gargoyles
  12 black mambas
  A torpor snail (Lair:6)
  A feature mimic (Lair:4)
  A smoke demon (Orc:1)
  3 naga magi (Snake:5)
  14 spiny frogs
  8 fire drakes
  2 kobold demonologists (D:12)
  6 komodo dragons
  A troll (Orc:3)
  A two-headed ogre (D:11)
  A deep elf priest (Elf:1)
  9 giant leeches
  A boulder beetle (Vaults:1)
  5 bog bodies
  7 ravens
  3 deep elf magi
  9 blink frogs
  A baby alligator (Lair:6)
  A basilisk (Lair:1)
  A trapdoor spider (D:12)
  2 wraiths (D:10)
  A wyvern (Lair:7)
  37 yaks
  A steam dragon (Lair:7)
  2 shadows (D:12)
  3 golden eyes (Slime:4)
  2 humans (D:14)
  2 hill giant skeletons
  19 vampire mosquitoes
  8 hippogriffs
  A hungry ghost (D:10)
  A neqoxec (Orc:4)
  A deep elf fighter (Vaults:2)
  9 wolves
  5 wargs
  20 nagas
  32 swamp worms
  5 porcupines
  6 ice beasts
  2 black bears (D:11)
  7 swamp drakes
  A necrophage (D:11)
  A griffon simulacrum (D:12)
  A yellow wasp (Swamp:1)
  6 ogres
  13 water moccasins
  2 phantoms
  A manticore zombie (D:11)
  26 orc warriors
  5 centaurs
  7 crocodiles
  7 giant frogs
  3 big kobolds (D:12)
  4 brain worms (Lair:8)
  13 insubstantial wisps
  A scorpion (D:9)
  6 eyes of draining
  9 killer bees
  A yak skeleton (D:9)
  11 jellies
  2 spriggan skeletons (D:10)
  4 crimson imps
  7 wights
  A goliath beetle (D:10)
  Crazy Yiuf (D:5)
  A giant frog skeleton (D:12)
  25 orc priests
  2 hounds
  3 iguanas
  20 orc wizards
  4 orange rats
  A worker ant (D:11)
  11 sheep
  A mummy (D:6)
  3 adders
  4 gnolls (D:9)
  59 green rats
  9 white imps (D:11)
  20 worms
  2 ufetubi (D:11)
  A scorpion simulacrum (D:11)
  84 orcs
  4 goblins
  6 quokkas
  A goblin zombie (Orc:4)
  6 kobolds
  A kobold zombie (D:6)
  2 orc zombies (Orc:4)
  A spectral orc (D:10)
  10 ballistomycetes (D:12)
  A bush (Lair:1)
  3 plants
807 creatures vanquished.

Vanquished Creatures (others)
  2 sphinxes (Slime:6)
  A deep elf high priest (Elf:3)
  2 lindwurms (Slime:4)
  2 harpies (Slime:6)
  A manticore (Slime:2)
  A black mamba (Snake:5)
  5 dryads
  7 trapdoor spiders
  A deep elf fighter (Elf:1)
  An earth elemental (Vaults:1)
  A water moccasin (Snake:4)
  5 spiders
  5 lost souls
  353 ice beasts
  A crimson imp (D:5)
  A green rat (Lair:8)
  A giant mite (Snake:3)
  A giant spore (D:12)
  10 fungi
  11 plants
  12 snaplasher vines
  780 snaplasher vine segments
1204 creatures vanquished.

Grand Total: 3612 creatures vanquished

Notes
Turn   | Place    | Note
--------------------------------------------------------------
     0 | D:1      | Johnny, the Demigod Ice Elementalist, began the quest for the Orb.
     0 | D:1      | Reached XP level 1. HP: 14/14 MP: 3/3
   217 | D:1      | Reached XP level 2. HP: 18/20 MP: 3/5
   313 | D:1      | Reached skill level 3 in Ice Magic
   892 | D:1      | Reached XP level 3. HP: 22/26 MP: 8/8
  1059 | D:2      | Noticed Terence
  1067 | D:2      | Killed Terence
  1227 | D:2      | Found a white marble altar of Elyvilon.
  1307 | D:2      | Reached skill level 1 in Fighting
  1348 | D:2      | Reached XP level 4. HP: 30/35 MP: 8/11
  1374 | D:2      | Learned a level 4 spell: Summon Ice Beast
  2073 | D:3      | Reached skill level 1 in Armour
  2171 | D:3      | Reached XP level 5. HP: 22/40 MP: 12/12
  2565 | D:4      | Found a shattered altar of Ashenzari.
  2656 | D:4      | Noticed Edmund
  2666 | D:4      | Killed Edmund
  2666 | D:4      | Reached skill level 4 in Ice Magic
  2666 | D:4      | Reached XP level 6. HP: 37/48 MP: 6/15
  2709 | D:4      | Found a blossoming altar of Fedhas.
  2851 | D:4      | Found Ehires' Distillery.
  2871 | D:4      | Bought a potion of invisibility for 55 gold pieces
  2871 | D:4      | Bought a potion of haste for 70 gold pieces
  2871 | D:4      | Bought a potion of curing for 20 gold pieces
  2871 | D:4      | Bought a potion of agility for 25 gold pieces
  3020 | D:4      | Learned a level 6 spell: Freezing Cloud
  3339 | D:4      | Noticed Natasha
  3350 | D:4      | Killed Natasha
  3355 | D:4      | Noticed CrazyArbalest's ghost (average HaFi)
  3366 | D:4      | Killed CrazyArbalest's ghost
  3366 | D:4      | Reached skill level 1 in Conjurations
  3366 | D:4      | Reached skill level 1 in Summonings
  3432 | D:4      | Noticed Natasha
  3439 | D:4      | Killed Natasha
  3481 | D:4      | Found a staircase to the Ecumenical Temple.
  3634 | D:4      | Noticed Natasha
  3639 | D:4      | Killed Natasha
  3761 | D:5      | Entered Level 5 of the Dungeon
  3807 | D:5      | Noticed Pikel
  3828 | D:5      | Killed Pikel
  3828 | D:5      | Reached skill level 1 in Air Magic
  3828 | D:5      | Reached skill level 1 in Evocations
  3828 | D:5      | Reached XP level 7. HP: 45/57 MP: 11/19
  4248 | D:5      | Reached XP level 8. HP: 22/63 MP: 20/20
  4669 | D:5      | Reached skill level 5 in Ice Magic
  4875 | D:5      | Noticed Crazy Yiuf
  4884 | D:5      | Killed Crazy Yiuf
  5177 | D:6      | Found a shimmering altar of Xom.
  5378 | D:6      | Found a burning altar of Makhleb.
  5382 | D:6      | Noticed gigot's ghost (experienced GrMo)
  5800 | D:6      | Killed gigot's ghost
  5800 | D:6      | Reached XP level 9. HP: 48/71 MP: 0/23
  6019 | D:7      | Found a flagged portal.
  6045 | Bailey   | Entered a bailey
  6476 | Bailey   | Noticed an orc knight
  6477 | Bailey   | Noticed an orc knight
  6478 | Bailey   | Noticed an orc knight
  6670 | Bailey   | Learned a level 4 spell: Throw Icicle
  6865 | Bailey   | Killed an orc knight
  7122 | Bailey   | Learned a level 3 spell: Mephitic Cloud
  7126 | Bailey   | Killed an orc knight
  7143 | Bailey   | Killed an orc knight
  7143 | Bailey   | Reached skill level 5 in Fighting
  7143 | Bailey   | Reached skill level 5 in Spellcasting
  7240 | Bailey   | Learned a level 6 spell: Freezing Cloud
  7651 | D:7      | Noticed Ijyb
  7667 | D:7      | Killed Ijyb
  7690 | D:7      | Reached XP level 10. HP: 30/81 MP: 25/25
  7709 | D:7      | Reached skill level 6 in Ice Magic
  9483 | D:9      | Found a staircase to the Lair.
  9563 | Lair:1   | Entered Level 1 of the Lair of Beasts
 10042 | Lair:1   | Reached skill level 5 in Conjurations
 10110 | Lair:1   | Reached skill level 5 in Stealth
 10233 | Lair:1   | HP: 4/81 [spiny frog (18)]
 10377 | Lair:1   | Noticed a swamp dragon
 10513 | Lair:1   | Noticed a fire crab
 10519 | Lair:1   | Killed a fire crab
 10752 | Lair:1   | Reached skill level 5 in Air Magic
 11588 | Lair:1   | Reached XP level 11. HP: 51/89 MP: 25/27
 11682 | Lair:1   | Reached skill level 5 in Summonings
 12172 | Lair:2   | Noticed Erica
 12185 | Lair:2   | Killed Erica
 12272 | Lair:2   | Noticed Gastronok
 12310 | Lair:2   | Killed Gastronok
 12476 | Lair:2   | Reached skill level 7 in Ice Magic
 13649 | Lair:3   | Noticed an eight-headed hydra
 13663 | Lair:3   | Killed an eight-headed hydra
 14655 | Lair:4   | Found a staircase to the Shoals.
 14962 | Lair:4   | the staircase to the Shoals was a mimic.
 15485 | Lair:4   | Found a staircase to the Snake Pit.
 15789 | Lair:4   | Got a smoking iron ring
 15791 | Lair:4   | Identified the ring "Zaetz" {+/*Tele Str-1 Dex+3} (You found it on level 4 of the Lair of Beasts)
 16080 | Lair:5   | Reached skill level 5 in Dodging
 16638 | Lair:5   | Reached XP level 12. HP: 78/97 MP: 11/29
 16766 | Lair:5   | Found a snail-covered altar of Cheibriados.
 16828 | Lair:5   | Noticed Maud
 16868 | Lair:5   | Killed Maud
 17645 | Lair:6   | Noticed a six-headed hydra
 18066 | Lair:6   | Noticed a six-headed hydra
 18280 | Lair:6   | Killed a six-headed hydra
 18598 | Lair:6   | Found a staircase to the Swamp.
 18765 | Lair:6   | Killed a six-headed hydra
 19182 | Lair:7   | Reached skill level 8 in Ice Magic
 19422 | Lair:7   | Noticed a six-headed hydra
 19434 | Lair:7   | Killed a six-headed hydra
 19626 | Lair:7   | Found a viscous altar of Jiyva.
 19627 | Lair:7   | Found a staircase to the Slime Pits.
 21063 | Lair:7   | Learned a level 3 spell: Regeneration
 21067 | Lair:7   | Learned a level 3 spell: Vampiric Draining
 21098 | Lair:8   | Entered Level 8 of the Lair of Beasts
 21379 | Lair:8   | Noticed an eight-headed hydra
 21389 | Lair:8   | Killed an eight-headed hydra
 21436 | Lair:8   | Got a dazzling leather armour
 21447 | Lair:8   | Identified the cursed -2 leather armour of Orroug {rElec rC+ rN+ MR+ Stlth+} (You found it on level 8 of the Lair of Beasts)
 22059 | Lair:8   | Reached skill level 1 in Charms
 22553 | Lair:8   | Reached skill level 5 in Armour
 22990 | Lair:8   | Noticed a fire dragon
 22998 | Lair:8   | Killed a fire dragon
 23220 | Lair:8   | Reached skill level 5 in Evocations
 23525 | Lair:8   | Noticed a five-headed hydra
 23532 | Lair:8   | Killed a five-headed hydra
 23805 | D:10     | Entered Level 10 of the Dungeon
 23873 | D:10     | Noticed Nergalle
 24041 | D:10     | Killed Nergalle
 24072 | D:10     | Found a staircase to the Orcish Mines.
 24223 | D:10     | the staircase to the Orcish Mines was a mimic.
 24343 | D:10     | Reached XP level 13. HP: 95/105 MP: 19/31
 25388 | D:11     | Found a frozen archway.
 25397 | IceCv    | Entered an ice cave
 25404 | IceCv    | Gained mutation: You passively map a small area around you. [potion of mutation]
 25404 | IceCv    | Gained mutation: You can breathe flames. [potion of mutation]
 25404 | IceCv    | Gained mutation: You have a pair of small antennae on your head. [potion of mutation]
 25408 | IceCv    | Lost mutation: You passively map a small area around you. [potion of cure mutation]
 25408 | IceCv    | Lost mutation: You have a pair of small antennae on your head. [potion of cure mutation]
 25408 | IceCv    | Lost mutation: You can breathe flames. [potion of cure mutation]
 27000 | D:12     | Found a staircase to the Orcish Mines.
 28498 | Orc:1    | Entered Level 1 of the Orcish Mines
 29277 | Orc:3    | Found Jefow's Food Shoppe.
 29574 | Orc:3    | Found a burning altar of Makhleb.
 29726 | Orc:3    | Found a roughly hewn altar of Beogh.
 30266 | Orc:4    | Entered Level 4 of the Orcish Mines
 30270 | Orc:4    | Noticed Urug
 30282 | Orc:4    | Killed Urug
 30286 | Orc:4    | Found an iron altar of Okawaru.
 30310 | Orc:4    | Found a labyrinth entrance.
 30334 | Lab      | Entered a labyrinth
 30385 | Lab      | Found an exit through the horrors of the Abyss.
 30884 | Lab      | Identified the Grimoire of the Congealing Oath
 31688 | Orc:4    | Gained mutation: Space occasionally distorts in your vicinity. [a neqoxec]
 31689 | Orc:4    | Gained mutation: Your vision is a little blurry. [a neqoxec]
 32071 | Orc:4    | Found Skegut's Jewellery Emporium.
 32073 | Orc:4    | Found Ibiud's Antique Armour Emporium.
 32291 | Orc:4    | Found Yraim's Weapon Shoppe.
 32294 | Orc:4    | Found The Psec's Food Shoppe.
 32382 | Orc:4    | Bought an embroidered hat for 152 gold pieces
 32382 | Orc:4    | Bought a faintly glowing robe for 216 gold pieces
 32386 | Orc:4    | Bought the ring "Shrigose" {Wiz Dex+2 Int+4} for 694 gold pieces
 32386 | Orc:4    | Bought an uncursed amulet of resist mutation for 560 gold pieces
 32414 | Orc:4    | Identified the +2 robe "Maucizim" {Int-3} (You bought it in a shop on level 4 of the Orcish Mines)
 32511 | Orc:4    | Found a staircase to the Elven Halls.
 32921 | Orc:3    | Bought a meat ration for 60 gold pieces
 32921 | Orc:3    | Bought a beef jerky for 18 gold pieces
 32921 | Orc:3    | Bought 4 fruits for 72 gold pieces
 32921 | Orc:3    | Bought a beef jerky for 18 gold pieces
 32921 | Orc:3    | Bought a beef jerky for 18 gold pieces
 32921 | Orc:3    | Bought a meat ration for 60 gold pieces
 32921 | Orc:3    | Bought a bread ration for 60 gold pieces
 32921 | Orc:3    | Bought a beef jerky for 18 gold pieces
 33230 | Swamp:1  | Entered Level 1 of the Swamp
 33341 | Swamp:1  | Reached skill level 9 in Ice Magic
 34394 | Swamp:2  | Lost mutation: Your vision is a little blurry. [potion of cure mutation]
 34394 | Swamp:2  | Lost mutation: Space occasionally distorts in your vicinity. [potion of cure mutation]
 34530 | Swamp:2  | Reached XP level 14. HP: 92/116 MP: 7/32
 34722 | Swamp:2  | Noticed Saint Roka
 35952 | Swamp:2  | Noticed a thorn hunter
 35965 | Swamp:2  | Killed a thorn hunter
 36170 | Swamp:2  | Killed Saint Roka
 37602 | Swamp:3  | Noticed Snorg
 37611 | Swamp:3  | Killed Snorg
 38404 | Swamp:4  | Noticed a thorn hunter
 38414 | Swamp:4  | Killed a thorn hunter
 39168 | Swamp:5  | Entered Level 5 of the Swamp
 39188 | Swamp:5  | Noticed a thorn hunter
 40300 | Swamp:5  | Reached XP level 15. HP: 65/124 MP: 7/33
 40303 | Swamp:5  | Reached skill level 10 in Ice Magic
 40513 | Swamp:5  | Noticed a thorn hunter
 40524 | Swamp:5  | Killed a thorn hunter
 40524 | Swamp:5  | Reached skill level 5 in Charms
 40544 | Swamp:5  | Noticed a thorn hunter
 40948 | Swamp:5  | Got a decaying rune of Zot
 41237 | Swamp:5  | Killed a thorn hunter
 41376 | Swamp:5  | Killed a thorn hunter
 42022 | Snake:1  | Entered Level 1 of the Snake Pit
 43508 | Snake:2  | Noticed Frances
 43520 | Snake:2  | Killed Frances
 44412 | Snake:2  | Noticed Vashnia
 45719 | Snake:3  | Noticed Thrillho's ghost (mighty MfFi)
 46281 | Snake:3  | Killed Thrillho's ghost
 46572 | Snake:3  | Identified a scroll of acquirement
 46576 | Snake:3  | Got an ichor-stained chain mail
 46589 | Snake:3  | Identified the -1 chain mail of Distant Shores {Int-4} (You acquired it on level 3 of the Snake Pit)
 46629 | Snake:3  | Reached skill level 10 in Fighting
 46740 | Snake:3  | Reached XP level 16. HP: 77/134 MP: 15/35
 47432 | Snake:4  | Found Twoy's Weapon Emporium.
 47484 | Snake:4  | Reached skill level 10 in Conjurations
 48374 | Snake:5  | Entered Level 5 of the Snake Pit
 48472 | Snake:5  | Noticed Nikola
 48665 | Snake:5  | Found Haofef's General Store.
 48770 | Snake:5  | Bought a potion of curing for 36 gold pieces
 49435 | Snake:5  | Reached skill level 10 in Air Magic
 49876 | Snake:4  | Killed Nikola
 49876 | Snake:4  | Reached skill level 10 in Summonings
 49876 | Snake:4  | Reached skill level 11 in Ice Magic
 52914 | Snake:5  | Reached XP level 17. HP: 45/141 MP: 8/36
 53282 | Snake:5  | Reached skill level 10 in Spellcasting
 53607 | Snake:5  | Got a serpentine rune of Zot
 58069 | D:14     | Found a gate to the Vaults.
 58426 | Vaults:1 | Entered Level 1 of the Vaults
 58744 | Vaults:1 | Found a flickering gateway to a bazaar.
 58756 | Bazaar   | Entered a bazaar
 58756 | Bazaar   | Found Klagh's General Store.
 58769 | Bazaar   | Found Sevaan's Antique Armour Emporium.
 58779 | Bazaar   | Found Siesoin's Antique Weapon Boutique.
 58785 | Bazaar   | Found Tyoducho's Magic Scroll Boutique.
 58797 | Bazaar   | Found Ghetak's Gadget Emporium.
 58817 | Bazaar   | Bought a scroll of acquirement for 676 gold pieces
 58817 | Bazaar   | Bought a scroll of amnesia for 45 gold pieces
 58817 | Bazaar   | Bought a potion of curing for 26 gold pieces
 58877 | Bazaar   | Bought a scroll of recharging for 104 gold pieces
 58877 | Bazaar   | Bought a scroll of magic mapping for 38 gold pieces
 58877 | Bazaar   | Bought a scroll of identify for 22 gold pieces
 58877 | Bazaar   | Bought a scroll of identify for 22 gold pieces
 58877 | Bazaar   | Bought a scroll of amnesia for 38 gold pieces
 58877 | Bazaar   | Bought a scroll of identify for 22 gold pieces
 58877 | Bazaar   | Bought a scroll of identify for 22 gold pieces
 58877 | Bazaar   | Bought a scroll of remove curse for 33 gold pieces
 58877 | Bazaar   | Bought a scroll of identify for 22 gold pieces
 60962 | Vaults:1 | Reached XP level 18. HP: 139/151 MP: 16/37
 61694 | Vaults:1 | Found a radiant altar of Vehumet.
 61705 | Vaults:1 | Got a smoking hat
 61738 | Vaults:1 | Identified the +4 hat "Ytunext" {SInv} (You found it on level 1 of the Vaults)
 61743 | Vaults:1 | Got a faintly humming hat
 61755 | Vaults:1 | Identified the +2 hat of Zom Irat {Int-2 Slay+4} (You found it on level 1 of the Vaults)
 63639 | Vaults:2 | Reached skill level 12 in Ice Magic
 64810 | Vaults:2 | Noticed Jory
 67711 | Vaults:3 | Found a staircase to the Crypt.
 68847 | Vaults:2 | Reached XP level 19. HP: 160/160 MP: 29/38
 69925 | Vaults:3 | Learned a level 6 spell: Iron Shot
 71488 | Vaults:4 | Got a steaming chain mail
 71509 | Vaults:3 | Identified the +2 chain mail "Tuohuam" {Dex+3} (You found it on level 4 of the Vaults)
 72540 | Vaults:4 | Noticed a golden dragon
 72557 | Vaults:4 | Killed a golden dragon
 74060 | Vaults:4 | Reached skill level 10 in Charms
 74506 | Vaults:4 | Reached skill level 13 in Ice Magic
 75486 | Vaults:4 | Reached XP level 20. HP: 114/169 MP: 3/39
 75744 | Vaults:4 | Found Urecw's Antique Weapon Boutique.
 76177 | D:9      | Learned a level 4 spell: Control Undead
 76183 | D:9      | Learned a level 5 spell: Bolt of Draining
 76325 | Elf:1    | Entered Level 1 of the Elven Halls
 76392 | Elf:1    | Found a magical portal.
 76396 | WizLab   | Entered The Hall of Tifeesiu the Hellbinder
 78145 | WizLab   | Found a burning altar of Makhleb.
 78165 | WizLab   | Identified the Almanac of Slavery and Translocation
 78200 | WizLab   | Identified a -3 rod of shadows (10/10) (You found it in a wizard's laboratory)
 78207 | WizLab   | Identified the Papyrus of Creation (You found it in a wizard's laboratory)
 78217 | WizLab   | Got a smoking demon whip
 78218 | WizLab   | Identified the +8 demon whip of the Undead {flame, +Rage MR++ Int+2} (You found it in a wizard's laboratory)
 78301 | Elf:1    | Learned a level 5 spell: Summon Forest
 78874 | Elf:1    | Found Etoam's Assorted Antiques.
 78885 | Elf:1    | Bought a potion of heal wounds for 114 gold pieces
 80099 | Elf:2    | Noticed Rupert
 80112 | Elf:2    | Killed Rupert
 80216 | Elf:2    | Noticed Louise
 80275 | Elf:2    | Killed Louise
 80279 | Elf:2    | Reached skill level 10 in Stealth
 80876 | Elf:3    | Entered Level 3 of the Elven Halls
 82579 | Elf:3    | Identified the Tome of Lethal Necromancy
 82582 | Elf:3    | Identified the Reference Book on Evil and Stones
 82647 | Elf:3    | Identified the Compendium of Vitriolic Attacks (You found it on level 3 of the Elven Halls)
 82652 | Elf:3    | Identified Sif Muna's Incunabulum of the Entourage (You found it on level 3 of the Elven Halls)
 82674 | Elf:3    | Got a crude ring mail
 82685 | Elf:3    | Identified the +4 ring mail of Kikubaaqudgha's Pride {rF+} (You found it on level 3 of the Elven Halls)
 85592 | Elf:3    | Got a smelly ring mail
 85603 | Elf:3    | Got a twisted glaive
 85603 | Elf:3    | Got an encrusted leather armour
 85702 | Elf:3    | Identified the cursed -1 ring mail of the Beginning {Str+2 Dex-3} (You took it off a deep elf blademaster on level 3 of the Elven Halls)
 85713 | Elf:3    | Identified the +0 leather armour "Obogi" {rF+ Str-1} (You took it off a deep elf demonologist on level 3 of the Elven Halls)
 85726 | Elf:3    | Identified the +3 glaive of the King {elec, MR++ Str+1 Dex+1} (You took it off a deep elf demonologist on level 3 of the Elven Halls)
 86814 | Orc:4    | Bought a bread ration for 65 gold pieces
 86814 | Orc:4    | Bought a slice of pizza for 19 gold pieces
 86814 | Orc:4    | Bought a bread ration for 65 gold pieces
 86814 | Orc:4    | Bought a bread ration for 65 gold pieces
 86814 | Orc:4    | Bought 4 fruits for 78 gold pieces
 86814 | Orc:4    | Bought a bread ration for 65 gold pieces
 86814 | Orc:4    | Bought a meat ration for 65 gold pieces
 86814 | Orc:4    | Bought a bread ration for 65 gold pieces
 86814 | Orc:4    | Bought a bread ration for 65 gold pieces
 86814 | Orc:4    | Bought a meat ration for 65 gold pieces
 86817 | Orc:4    | Bought the macabre finger necklace {Ward rN+} for 308 gold pieces
 87200 | Slime:1  | Entered Level 1 of the Pits of Slime
 87213 | Slime:1  | Reached XP level 21. HP: 178/178 MP: 23/40
 87488 | D:9      | Learned a level 6 spell: Monstrous Menagerie
 89595 | Slime:6  | Entered Level 6 of the Pits of Slime
 89733 | Slime:6  | Noticed the royal jelly
 89934 | Slime:6  | HP: 6/178 [acid (3)]
 89934 | Slime:6  | HP: 1/178 [the royal jelly (5)]
 89934 | Slime:6  | Splashed by the royal jelly's acid

Action                   |  1- 3 |  4- 6 |  7- 9 | 10-12 | 13-15 | 16-18 | 19-21 || total
-------------------------+-------+-------+-------+-------+-------+-------+-------++-------
Melee: Short sword       |    86 |   111 |   252 |   547 |   565 |       |       ||  1561
       Quarterstaff      |       |       |    92 |   188 |       |       |       ||   280
       Falchion          |       |       |       |       |   383 |   487 |   126 ||   996
       Flail             |       |       |       |       |    30 |       |       ||    30
       Demon whip        |       |       |       |       |       |       |    86 ||    86
       Glaive            |       |       |       |       |       |       |    16 ||    16
 Cast: Freeze            |    23 |    30 |    36 |   112 |   189 |   101 |    29 ||   520
       Summon Ice Beast  |       |       |    40 |   357 |   484 |   201 |    34 ||  1116
       Throw Icicle      |       |       |    18 |    22 |   154 |   418 |   407 ||  1019
       Mephitic Cloud    |       |       |     3 |     4 |    75 |     3 |     2 ||    87
       Regeneration      |       |       |       |     4 |    35 |    18 |    15 ||    72
       Vampiric Draining |       |       |       |     2 |       |       |       ||     2
       Freezing Cloud    |       |       |       |       |    99 |   280 |   208 ||   587
       Iron Shot         |       |       |       |       |       |       |    44 ||    44
       Summon Forest     |       |       |       |       |       |       |    14 ||    14
       Monstrous Menager |       |       |       |       |       |       |    17 ||    17
 Abil: Evoke Flight      |       |       |       |       |       |     2 |       ||     2
Evoke: Wand              |       |     2 |    23 |    30 |    15 |    17 |    12 ||    99
       Sack of spiders   |       |       |       |       |    14 |     3 |       ||    17
       Stone of tremors  |       |       |       |       |       |     2 |     1 ||     3
  Use: Scroll            |       |     5 |     6 |    19 |    21 |    12 |    12 ||    75
       Potion            |       |       |     3 |     8 |    21 |     2 |     2 ||    36
 Stab: Sleeping          |     2 |       |     1 |    10 |     6 |     4 |     3 ||    26
       Distracted        |       |       |     1 |    11 |    17 |     5 |     4 ||    38
       Petrifying        |       |       |     2 |     2 |       |       |       ||     4
       Paralysed         |       |       |       |     4 |       |       |     1 ||     5
       Confused          |       |       |       |     2 |    26 |       |     1 ||    29
  Eat: Chunk             |     1 |     8 |    15 |    78 |    93 |   111 |    68 ||   374
       Fruit             |       |       |    10 |    12 |    29 |     6 |    21 ||    78
       Pizza             |       |       |     1 |     1 |       |     5 |     2 ||     9
       Meat ration       |       |       |       |     1 |       |       |     5 ||     6
       Royal jelly       |       |       |       |     1 |     4 |     1 |     1 ||     7
       Beef jerky        |       |       |       |       |       |     9 |     1 ||    10
